 Dungeon Crawl Stone Soup version 0.21.1-1-g345015fe64 (webtiles) character file.

466 PikkenKukken the Skirmisher (level 6, 0/51 HPs)
             Began as a Demonspawn Abyssal Knight on June 22, 2018.
             Was a Believer of Lugonu.
             Slain by an ogre
             ... wielding a +0 giant spiked club
              (17 damage)
             ... on level 5 of the Dungeon.
             The game lasted 00:10:27 (4989 turns).

PikkenKukken the Skirmisher (DsAK)                  Turns: 4989, Time: 00:10:27

Health: 0/51       AC: 14    Str: 14    XL:     6   Next: 81%
Magic:  7/7        EV:  4    Int: 13    God:    Lugonu [**....]
Gold:   151        SH:  0    Dex: 13    Spells: 5/5 levels left

rFire    . . .     SeeInvis .   p - +1 falchion (elec)
rCold    . . .     Gourm    .   (no shield)
rNeg     . . .     Faith    .   d - +1 plate armour
rPois    .         Spirit   .   (no helmet)
rElec    .         Reflect  .   (no cloak)
rCorr    .         Harm     .   (no gloves)
MR       .....                  (no boots)
Stlth    ..........             (no amulet)
HPRegen  0.17/turn              (no ring)
MPRegen  0.10/turn              (no ring)

@: no status effects
A: claws 1, slimy green scales 1, powered by pain 1
a: Depart the Abyss, Bend Space, Renounce Religion


You were on level 5 of the Dungeon.
You worshipped Lugonu.
Lugonu was pleased with you.
You were not hungry.

You visited 1 branch of the dungeon, and saw 5 of its levels.
You visited the Abyss 1 time.

You collected 151 gold pieces.

Inventory:

Hand Weapons
 a - a +2 falchion
 p - a +1 falchion of electrocution (weapon)
Missiles
 h - 45 arrows
 m - 59 bolts
Armour
 d - a +1 plate armour (worn)
Jewellery
 b - a cursed ring of teleportation
 l - an uncursed amulet of harm
Scrolls
 e - 3 scrolls of teleportation
 g - a scroll of identify
 j - 4 scrolls of enchant weapon
Potions
 i - a potion of haste
 k - 2 potions of heal wounds
 n - 2 potions of curing
 o - a potion of flight
Comestibles
 c - 8 rations
 f - 3 chunks of flesh


   Skills:
 + Level 5.1 Fighting
 + Level 4.1 Long Blades
 + Level 4.0 Armour
 - Level 0.8 Dodging
 - Level 2.4 Invocations


You had 5 spell levels left.
You didn't know any spells.

Dungeon Overview and Level Annotations

Branches:
Dungeon (5/15)
 Temple: D:4-7

Altars:


Innate Abilities, Weirdness & Mutations

You have sharp fingernails.
You are partially covered in slimy green scales. (AC +2)
You sometimes gain a little power by taking damage.


Message History

You see here a ration.
c - 8 rations (gained 1)
Okay, then.
Your plate armour prevents you from hitting the ogre.
The ogre hits you with a giant spiked club!
You hit the ogre.
The ogre is lightly wounded.
Your plate armour prevents you from hitting the ogre.
The ogre is lightly wounded.
The ogre hits you with a giant spiked club!
Your plate armour prevents you from hitting the ogre.
The ogre is lightly wounded.
The ogre hits you with a giant spiked club!
You barely miss the ogre.
The ogre is lightly wounded.
The ogre hits you but does no damage.
You hit the ogre but do no damage.
The ogre is lightly wounded.
The ogre hits you with a giant spiked club!
You die...

#####.
#.##########.....
#............# ###
########.......##....
......O@..........#
###.####.......##.#
#......)# ###.......#
#.........#
#......<..#
###..(.........
......(........
########.......$


You could see an ogre.

Vanquished Creatures
  The ghost of Necrophagist the Conjurer, an amateur DECj (D:3)
  An orc wizard (D:3)
  A hound (D:4)
  A bullfrog skeleton (D:3)
  Terence (D:3)
  Natasha (thrice) (D:4)
  A worker ant (D:5)
  2 hound skeletons (D:4)
  4 adders (D:2)
  An ooze (D:1)
  An adder skeleton (D:4)
  A worm (D:3)
  4 dart slugs
  5 leopard geckos
  7 orcs
  9 giant cockroaches
  2 goblins (D:1)
  7 hobgoblins
  6 bats
  7 frilled lizards
  4 kobolds
  A quokka skeleton (D:4)
  2 rats
72 creatures vanquished.

Notes
Turn   | Place    | Note
-------+----------+-------------------------------------------
     0 | Abyss:1  | PikkenKukken the Demonspawn Abyssal Knight began the quest for the Orb.
     0 | Abyss:1  | Reached XP level 1. HP: 18/18 MP: 2/2
    91 | Abyss:1  | Noticed a neqoxec
    91 | D:1      | Escaped the Abyss
   395 | D:1      | Gained mutation: You are partially covered in slimy green scales. (AC +2) [demonic ancestry]
   395 | D:1      | Reached XP level 2. HP: 24/24 MP: 3/3
   454 | D:1      | Reached * piety under Lugonu
   875 | D:2      | Gained mutation: You have sharp fingernails. [demonic ancestry]
   875 | D:2      | Reached XP level 3. HP: 28/29 MP: 4/4
  2227 | D:3      | Noticed Terence
  2236 | D:3      | Killed Terence
  2236 | D:3      | Reached XP level 4. HP: 5/37 MP: 5/5
  2414 | D:3      | Noticed Necrophagist's ghost (amateur DECj)
  2828 | D:2      | Reached skill level 4 in Fighting
  3300 | D:3      | Reached XP level 5. HP: 27/42 MP: 6/6
  3516 | D:3      | Killed Necrophagist's ghost
  3516 | D:3      | Gained mutation: You sometimes gain a little power by taking damage. [demonic ancestry]
  3516 | D:3      | Reached XP level 6. HP: 16/49 MP: 7/7
  3766 | D:3      | Reached ** piety under Lugonu
  4272 | D:4      | Noticed Natasha
  4290 | D:4      | Killed Natasha
  4292 | D:4      | Noticed Natasha
  4303 | D:4      | Killed Natasha
  4766 | D:4      | Noticed Natasha
  4782 | D:4      | Killed Natasha
  4782 | D:4      | Reached skill level 5 in Fighting
  4959 | D:5      | Entered Level 5 of the Dungeon
  4989 | D:5      | Slain by an ogre

Skill      XL: |  1  2  3  4  5  6 |
---------------+-------------------+-----
Long Blades    | 2 3 4 |  4.1
Armour         | 2 3 4 |  4.0
Fighting       | 4 5 |  5.1
Dodging        | |  0.8
Invocations    | |  2.4

Action                   |  1- 3 |  4- 6 || total
-------------------------+-------+-------++-------
Melee: Falchion          |   122 |   158 ||   280
Invok: Depart the Abyss  |     1 |       ||     1
  Use: Scroll            |    10 |     4 ||    14
       Potion            |     9 |     3 ||    12
 Stab: Sleeping          |     1 |       ||     1
  Eat: Chunk             |     4 |     6 ||    10
       Ration            |       |     1 ||     1
Armor: Plate armour      |    67 |    40 ||   107
       Leather armour    |    32 |    29 ||    61
Dodge: Dodged            |    41 |    75 ||   116
       Rpst.: Falchion   |    17 |    29 ||    46
